Map: Lightshade LE

Players

Lambo - Winner!

  • Race: Zerg Zerg
  • League: Master
  • Spawn Location: 5:00

Geralt (Gerald)

  • Race: Protoss Protoss
  • League: Grandmaster
  • Spawn Location: 11:00

Event: DreamHack SC2 Masters 2020 Winter

VOD

Have the link to the VOD?

Description

Time

  • Played on: Nov. 5, 2020, 2:12 p.m.
  • Length: 11:06

All games in this series

Show
View Real Time Build Order
Export as new Build Order

Lambo Zerg - Winner!

Build Orders: Pool First 

Get SALT Encoding   

  12  0:16  Spawning Pool  
  11  0:21  Drone  
  11  0:26  Drone  
  13  0:30  Drone  
  14  0:39  Overlord  
  14  1:03  Queen, Zergling x4  
  18  1:05  Zergling x2  
  19  1:15  Zergling x2  
  20  1:29  Hatchery  
  19  1:33  Zergling x2  
  20  1:43  Drone  
  21  1:48  Overlord  
  21  2:01  Drone  
  21  2:07  Queen  
  24  2:11  Drone x2  
  24  2:12  Drone  
  27  2:17  Drone  
  27  2:23  Drone  
  27  2:28  Extractor  
  27  2:37  Drone  
  28  2:41  Queen  
  28  2:42  Drone  
  31  2:47  Drone  
  32  2:51  Drone  
  33  3:00  Overlord  
  33  3:09  Hatchery  
  33  3:12  Drone  
  33  3:13  Drone  
  33  3:19  Drone x2  
  36  3:21  Drone  
  36  3:24  Zergling x2  
  36  3:26  Drone  
  39  3:32  Drone  
  39  3:33  Metabolic Boost  
  40  3:39  Drone x2  
  42  3:43  Drone  
  42  3:46  Drone  
  43  3:51  Drone  
  44  3:56  Overlord  
  44  4:01  Overlord  
  44  4:08  Overlord  
  44  4:19  Queen x2  
  44  4:21  Drone x5  
  44  4:22  Drone  
  54  4:25  Drone x2  
  54  4:28  Drone x2  
  58  4:33  Drone x3  
  58  4:38  Spore Crawler  
  60  4:39  Spore Crawler  
  60  4:41  Overlord  
  60  4:45  Zergling x2  
  60  4:46  Drone x2  
  60  4:49  Spore Crawler  
  60  4:51  Overlord  
  61  4:56  Roach Warren  
  60  5:00  Drone x3  
  60  5:06  Drone x3  
  64  5:08  Overlord  
  64  5:14  Lair  
  64  5:15  Overlord  
  64  5:17  Drone  
  64  5:19  Extractor  
  64  5:20  Drone, Extractor  
  64  5:23  Drone x2  
  64  5:24  Drone x2  
  64  5:27  Drone x2  
  70  5:29  Drone  
  70  5:30  Drone  
  70  5:32  Drone x2  
  74  5:35  Drone x3  
  74  5:38  Drone  
  74  5:41  Overlord  
  78  5:49  Drone x3  
  80  5:51  Extractor x2  
  80  5:53  Overlord  
  80  5:55  Extractor  
  80  5:56  Drone  
  79  5:57  Drone x2  
  79  6:03  Drone x2  
  84  6:07  Hatchery  
  84  6:08  Drone x3, Spore Crawler  
  85  6:16  Overlord  
  85  6:17  Drone x2  
  87  6:19  Roach x2  
  87  6:20  Roach x2  
  98  6:25  Roach  
  98  6:26  Glial Reconstitution  
  98  6:28  Roach x2  
  98  6:29  Roach, Overlord  
  98  6:30  Overlord  
  98  6:31  Roach  
  104  6:33  Overlord  
  104  6:34  Overlord  
  104  6:38  Roach  
  104  6:39  Overlord  
  105  6:42  Roach x3  
  105  6:46  Spire  
  108  6:48  Roach  
  108  6:49  Roach  
  108  6:53  Roach  
  110  6:55  Roach  
  110  6:57  Roach  
  112  7:01  Roach x2  
  112  7:04  Zergling x2  
  110  7:11  Roach x2  
  108  7:17  Drone x2  
  107  7:27  Drone x3  
  107  7:28  Drone x3  
  107  7:29  Drone  
  114  7:30  Drone  
  115  7:43  Drone x3  
  118  7:45  Zergling x6  
  118  7:46  Hatchery  
  118  7:49  Zergling x6  
  123  7:54  Overlord  
  123  8:01  Zerg Flyer Weapons Level 1  
  123  8:06  Mutalisk x5  
  123  8:09  Mutalisk x2  
  123  8:12  Drone  
  138  8:15  Drone x2  
  138  8:16  Baneling Nest  
  139  8:21  Zergling x8  
  139  8:24  Mutalisk x2  
  147  8:28  Drone, Extractor  
  147  8:29  Drone x2  
  147  8:31  Mutalisk  
  147  8:32  Extractor  
  150  8:37  Drone x3  
  150  8:38  Drone x3  
  156  8:42  Mutalisk  
  158  8:52  Zergling x2, Ravager x3  
  161  8:58  Overlord x2  
  161  8:59  Ravager x2  
  161  9:02  Zergling x6  
  167  9:06  Overlord  
  167  9:09  Overlord  
  167  9:10  Zergling x6  
  167  9:11  Overlord  
  167  9:15  Overlord  
  167  9:16  Overlord  
  168  9:18  Mutalisk x3  
  168  9:23  Zergling x6  
  168  9:24  Zergling x2  
  178  9:28  Mutalisk x3  
  178  9:30  Zergling x4  
  178  9:31  Zergling x2  
  183  9:39  Zergling x18  
  183  9:40  Zergling x2  
  183  9:44  Mutalisk  
  184  9:50  Mutalisk x3  
  182  9:57  Zergling x6  
  178  10:00  Mutalisk x2  
  178  10:02  Zergling x18  
  178  10:05  Zergling x2, Overlord  
  187  10:10  Mutalisk  
  189  10:14  Hatchery  
  189  10:18  Mutalisk x3  
  188  10:21  Zergling x2  
  188  10:25  Zergling x8  
  192  10:29  Zergling x12  
  192  10:33  Zergling x8  
Show
View Real Time Build Order
Export as new Build Order

Geralt Protoss 

Build Orders:  

Get SALT Encoding   

  12  0:00  Probe  
  13  0:12  Probe  
  14  0:20  Pylon  
  14  0:24  Probe  
  14  0:28  Assimilator  
  15  0:38  Probe (Chrono Boost)  
  16  0:44  Gateway  
  16  0:47  Probe (Chrono Boost)  
  17  0:53  Probe  
  18  1:05  Probe  
  19  1:17  Probe  
  20  1:29  Probe  
  20  1:30  Zealot (Chrono Boost)  
  20  1:31  Pylon  
  23  1:33  Cybernetics Core  
  23  1:36  Gateway  
  23  1:48  Zealot (Chrono Boost)  
  23  1:49  Probe  
  23  1:53  Assimilator  
  26  2:13  Gateway, Pylon, Adept (Chrono Boost)  
  26  2:26  Probe  
  27  2:34  Nexus  
  27  2:40  Adept  
  29  2:44  Warp Gate  
  29  2:54  Stargate  
  29  2:58  Probe  
  30  3:06  Adept  
  30  3:10  Probe  
  35  3:22  Probe  
  36  3:28  Void Ray (Chrono Boost)  
  35  3:34  Probe  
  39  3:46  Probe  
  40  3:49  Probe  
  39  3:58  Probe  
  39  4:01  Probe  
  41  4:04  Oracle  
  44  4:10  Probe  
  44  4:11  Twilight Council  
  44  4:13  Probe  
  46  4:21  Gateway  
  46  4:22  Probe  
  47  4:25  Probe  
  47  4:30  Pylon  
  48  4:34  Probe  
  48  4:37  Resonating Glaives (Chrono Boost), Probe  
  50  4:43  Gateway  
  50  4:46  Probe  
  50  4:47  Nexus  
  51  4:55  Probe  
  51  4:59  Assimilator  
  52  5:07  Adept x2, Oracle (Chrono Boost)  
  54  5:08  Probe  
  54  5:11  Probe  
  61  5:15  Pylon  
  61  5:20  Pylon  
  61  5:24  Probe  
  62  5:33  Probe  
  63  5:36  Probe  
  63  5:40  Adept x4  
  72  5:46  Probe  
  72  5:49  Robotics Facility  
  73  5:59  Probe x3  
  76  6:07  Adept x4  
  76  6:11  Probe x3  
  86  6:15  Shield Battery  
  86  6:17  Blink (Chrono Boost)  
  87  6:22  Forge  
  87  6:23  Probe x3  
  90  6:35  Probe x2  
  90  6:39  Probe  
  93  6:44  Robotics Facility  
  93  6:45  Pylon  
  93  6:48  Pylon  
  82  7:01  Probe  
  82  7:03  Probe  
  82  7:06  Probe  
  80  7:09  Stalker x3  
  80  7:10  Stalker  
  80  7:11  Immortal (Chrono Boost)  
  80  7:13  Probe  
  87  7:15  Probe  
  87  7:19  Probe  
  87  7:22  Protoss Ground Weapons Level 1 (Chrono Boost)  
  81  7:24  Assimilator  
  81  7:25  Pylon, Probe  
  81  7:27  Probe  
  83  7:30  Assimilator  
  83  7:31  Probe  
  83  7:32  Oracle (Chrono Boost)  
  87  7:37  Assimilator, Immortal (Chrono Boost)  
  87  7:38  Shield Battery  
  87  7:44  Gateway  
  94  7:45  Gateway  
  94  7:47  Gateway  
  94  7:50  Stalker x2  
  95  7:53  Gateway  
  95  8:00  Pylon  
  95  8:02  Warp Prism (Chrono Boost)  
  95  8:03  Robotics Bay  
  95  8:08  Observer (Chrono Boost)  
  95  8:10  Stalker  
  100  8:25  Stalker x3  
  106  8:27  Charge (Chrono Boost), Photon Cannon  
  106  8:29  Photon Cannon  
  106  8:31  Pylon  
  110  8:37  Stalker  
  110  8:40  Photon Cannon  
  112  8:47  Stalker x3  
  117  8:58  Stalker  
  116  9:06  Stalker x2  
  116  9:07  Stalker  
  118  9:11  Stalker x3, Nexus  
  118  9:14  Phoenix (Chrono Boost)  
  130  9:24  Colossus (Chrono Boost)  
  130  9:28  Probe  
  130  9:30  Phoenix (Chrono Boost)  
  131  9:31  Pylon  
  132  9:44  Stalker x5  
  118  9:58  Probe  
  118  9:59  Stalker x3  
  117  10:00  Probe x2  
  117  10:04  Phoenix, Disruptor (Chrono Boost)  
  120  10:10  Stalker, Zealot  
  121  10:23  Stalker x4  
  106  10:43  Stalker x4  
  90  10:51  Probe  
  90  10:52  Probe  
Tags
 
Add a new tag
Caveats
  • Supply blocks, unpowered buildings, or Contaminate may cause inaccurate times.
  • Supply counts are checked every 10 seconds.